 Dungeon Crawl Stone Soup version 0.29.0-13-gc9e81de378 (webtiles) character file.

Game seed: 16034982288416599104

142 enile the Sneak (level 5, -3/36 HPs)
             Began as an Octopode Brigand on Sept 8, 2022.
             Slain by a gnoll
             ... wielding a +2 vorpal halberd
              (5 damage)
             ... on level 3 of the Dungeon.
             The game lasted 00:02:36 (2255 turns).

enile the Sneak (Octopode Brigand)                  Turns: 2255, Time: 00:02:37

Health: -3/36      AC:  1    Str: 17    XL:     5   Next: 24%
Magic:  5/5        EV: 12    Int: 19    God:
Gold:   134        SH:  6    Dex: 15    Spells: 4/4 levels left

rFire   + . .      SeeInvis .   o - +1 trident (venom)
rCold   . . .      Faith    .   f - +1 buckler
rNeg    . . .      Spirit   .   (helmet restricted)
rPois   .          Reflect  .   (no amulet)
rElec   +          Harm     .   n - ring of Xuecran {rElec rF+ Will+ Str+6}
rCorr   .          Rampage  .   d - +6 ring of intelligence
Will    +....                   (no ring)
Stlth   ++++......              (no ring)
HPRegen 0.12/turn               (no ring)
MPRegen 0.09/turn               (no ring)
                                (no ring)
                                (no ring)

@: no status effects
A: almost no armour, amphibious, 8 rings, camouflage 1, gelatinous body 1,
(nimble swimmer 1), tentacles
a: no special abilities


You were on level 3 of the Dungeon.
You visited 1 branch of the dungeon, and saw 3 of its levels.

You collected 134 gold pieces.

Inventory:

Hand Weapons
 a - a +2 dagger
 j - a +0 short sword of freezing
 o - a +1 trident of venom (weapon)
Missiles
 b - 6 poisoned darts (quivered)
 c - 3 curare-tipped darts
 u - a throwing net
Armour
 f - a +1 buckler (worn)
Jewellery
 d - a +6 ring of intelligence (right tentacle)
 n - the ring of Xuecran (left tentacle) {rElec rF+ Will+ Str+6}
   (You found it on level 3 of the Dungeon)

   [ring of willpower]

   Str:       It affects your strength (+6).
   rF:        It protects you from fire.
   rElec:     It insulates you from electricity.
   Will:      It increases your willpower.
Wands
 i - a wand of roots (5)
 s - a wand of mindburst (14)
Scrolls
 e - 2 scrolls of identify
 h - 2 scrolls of brand weapon
 r - a scroll of enchant weapon {unknown}
 t - a scroll of vulnerability {unknown}
Potions
 g - 2 potions of might {unknown}
 l - 2 potions of mutation {unknown}
 m - a potion of attraction {unknown}
 p - a potion of heal wounds {unknown}
 q - a potion of curing


   Skills:
 - Level 3.0 Fighting
 - Level 3.0 Short Blades
 + Level 2.6 Throwing
 - Level 1.0 Dodging
 - Level 5.3 Stealth
 - Level 3.0 Shields


You had 4 spell levels left.
You didn't know any spells.
Your spell library contained the following spells:

 Spells                   Type           Power      Damage    Failure   Level
 Airstrike                Air            0%         2d(0-16)  95%         4
 Summon Lightning Spire   Summ/Air       0%         N/A       95%         4
 Lightning Bolt           Conj/Air       0%         1d11      100%        5


Dungeon Overview and Level Annotations

Branches:
Dungeon (3/15)

Altars:
Cheibriados
Fedhas
Nemelex Xobeh
Xom

Shops:
D:1 [


Innate Abilities, Weirdness & Mutations

You cannot wear most types of armour.
You are amphibious.
You can wear up to eight rings at the same time.
Your skin changes colour to match your surroundings (Stealth+).
Your rubbery body absorbs attacks. (AC +1, EV +1)
((You are camouflaged when in or above water. (Stealth+)))
You have tentacles for arms and can constrict up to eight enemies at once.


Message History

You throw a poisoned dart.
The poisoned dart completely misses the gnoll.
The poisoned dart barely misses the gnoll.
The poisoned dart hits the gnoll.
The gnoll is poisoned.
The gnoll looks more healthy.
The gnoll attacks as you move away! The gnoll barely misses you.
You hit the gnoll. You grab the gnoll.
The gnoll is heavily wounded.
You constrict the gnoll. The gnoll hits you with a +0 flail.
The gnoll struggles to escape constriction.
The gnoll hits you from afar with a +2 vorpal halberd!
You release your grip on the gnoll.
The gnoll attacks as you move away! The gnoll misses you.
Okay, then.
The gnoll attacks as you move away! The gnoll hits you with a +0 flail!
* * * LOW HITPOINT WARNING * * *
As you read the scroll labelled ZEWUTWO ESAE, it crumbles to dust.
It is a scroll of enchant armour.
Your +0 buckler glows green for a moment.
The gnoll completely misses you. You block the gnoll's attack.
Reach: o) +1 trident (venom)
Press: ? - help, Dir - move target, f/p - gnoll
Aim: a gnoll, wielding a +0 flail (severely wounded, about 37% to evade your +1 trident of venom)
Okay, then.
That's the wrong kind of item! (Use * to select it.) Evoke which item? (* to show all) (? for menu, Esc to quit)
You don't have any such object.
Evoke which item? (* to show all) (? for menu, Esc to quit)
Okay, then.
Aiming: Fastroot
Press: ? - help, Shift-Dir - straight line, f/p - gnoll
Aim: a gnoll, wielding a +0 flail (severely wounded)
The roots erupt in riotous growth!
Roots grab the gnoll. x2
The grasping roots constrict the gnoll.
You kill the gnoll!
The grasping roots constrict the gnoll!
The gnoll hits you from afar with a +2 vorpal halberd.
You die...

###................#
#..................#
#..g....#..........# ##
#>......#..........# _##
########.......#..........#
..####......'...g...#..........##
.....##...###..g....###+###......
..##..###.# ####).....#.# #......
._###.._#.######@.....#.###......
####..###........................
.....###.........................
.#######...#####......#...#.##...
'##.#.##...# ###...##...#.##...
......(....#######.####...#.##...
..........................+.##...
#...#.##...#######.####.....####.
#...+.......# #.#.^........8#.


You could see 3 gnolls.

Vanquished Creatures
  Ijyb (D:3)
  A gnoll (D:3)
  5 adders
  6 worms
  A dart slug (D:1)
  11 endoplasms
  A giant cockroach (D:1)
  5 goblins
  3 hobgoblins
  2 jackals (D:2)
  3 quokkas
  2 ball pythons
  3 bats (D:2)
  2 frilled lizards
  3 kobolds
  5 rats
54 creatures vanquished.

Notes
Turn   | Place    | Note
-------+----------+-------------------------------------------
     0 | D:1      | enile the Octopode Brigand began the quest for the Orb.
     0 | D:1      | Reached XP level 1. HP: 14/14 MP: 1/1
    70 | D:1      | Reached XP level 2. HP: 20/20 MP: 2/2
   325 | D:1      | Found Ostokyph's Antique Armour Shop.
   468 | D:1      | You fall into a shaft and drop 1 floor!
   490 | D:2      | Reached skill level 1 in Shields
   490 | D:2      | Reached XP level 3. HP: 11/26 MP: 3/3
   823 | D:2      | Reached XP level 4. HP: 31/31 MP: 4/4
  1714 | D:3      | Identified the ring of Xuecran {rElec rF+ Will+ Str+6}
  1813 | D:3      | Found a faded altar of an unknown god.
  1840 | D:3      | Noticed Ijyb
  1848 | D:3      | Killed Ijyb
  1849 | D:3      | Reached XP level 5. HP: 28/36 MP: 5/5
  2181 | D:3      | Found a blossoming altar of Fedhas.
  2181 | D:3      | Found a snail-covered altar of Cheibriados.
  2188 | D:3      | Found a shimmering altar of Xom.
  2190 | D:3      | Found a faded altar of an unknown god.
  2192 | D:3      | Found a sparkling altar of Nemelex Xobeh.
  2255 | D:3      | Slain by a gnoll

Illustrated notes

Levels and vault maps discovered:
D:1:      dpeg_arrival_another_circle, layout_loops_cross, serial_shops,
          nicolae_square_shop, hangedman_feature_mirror
D:2:      layout_basic
D:3:      layout_basic, chequers_temple_overflow_minitemple,
          shapermc_ecumenical_altar_mp_highgroup, kennysheep_nub, uniq_ijyb

Skill      XL: |  1  2  3  4 |
---------------+-------------+-----
Fighting       | 3 |  3.0
Shields        | 1 2 3 |  3.0
Short Blades   | 3 |  3.0
Throwing       | |  2.6
Dodging        | |  1.0
Stealth        | |  5.3

Action                   |  1- 3 |  4- 6 || total
-------------------------+-------+-------++-------
Melee: Dagger            |    47 |    20 ||    67
       Constrict         |     8 |    12 ||    20
       Tentacles         |    10 |    11 ||    21
       Trident           |       |    18 ||    18
       Short sword       |       |    12 ||    12
       Punch             |       |     1 ||     1
Throw: Dart              |     3 |     5 ||     8
Evoke: Wand              |       |     1 ||     1
  Use: Potion            |     1 |       ||     1
       Scroll            |       |     2 ||     2
 Stab: Sleeping          |     9 |    12 ||    21
       Distracted        |       |     1 ||     1
Armor: Skin              |     2 |     1 ||     3
Dodge: Dodged            |    10 |    12 ||    22
Block: Buckler           |     5 |     5 ||    10
